 Dungeon Crawl Stone Soup version 0.28-a0-863-g8cecda6153 (webtiles) character file.

Game seed: 17994943490647378018

4245 ytrimaz the Cleaver (level 10, -8/79 HPs)
             Began as a Formicid Fighter on Nov 18, 2021.
             Was a Follower of Ru.
             Killed from afar by an acid dragon (33 damage)
             ... with a splash of acid
             ... on level 9 of the Dungeon.
             The game lasted 00:11:59 (8491 turns).

ytrimaz the Cleaver (Formicid Fighter)              Turns: 8491, Time: 00:12:00

Health: -8/79      AC:  5    Str: 24    XL:     10   Next: 56%
Magic:  10/10      EV:  8    Int:  8    God:    Ru [*.....]
Gold:   296        SH: 13    Dex: 10    Spells: 9/9 levels left

rFire   . . .      SeeInvis +   a - +0 war axe (freeze)
rCold   + . .      Faith    .   E - +0 tower shield {rC+}
rNeg    . . .      Spirit   .   J - +1 steam dragon scales
rPois   +          Reflect  .   (helmet unavailable)
rElec   .          Harm     .   g - +0 cloak {rPois}
rCorr   .          Rampage  .   (no gloves)
Will    +....                   (no boots)
Stlth   +.........              u - amulet of regeneration
HPRegen 1.23/turn               B - +4 ring of slaying
MPRegen 0.12/turn               m - +4 ring of protection

@: corroded
A: permanent stasis, dig shafts and tunnels, antennae 3, no hexes magic, no ice
magic, no summoning magic, four strong arms
a: Dig, Shaft Self, Renounce Religion


You were on level 9 of the Dungeon.
You worshipped Ru.
Ru was aware of your devotion.
You visited 1 branch of the dungeon, and saw 9 of its levels.
You also visited: Sewer.

You collected 512 gold pieces.
You spent 216 gold pieces at shops.

Inventory:

Hand Weapons
 a - a +0 war axe of freezing (weapon)
 t - a +0 great mace
Missiles
 i - 6 boomerangs
 k - 55 poisoned darts
 H - 3 silver boomerangs
Armour
 c - a +0 buckler
 g - a +0 cloak of poison resistance (worn)
 E - a +0 tower shield of cold resistance (worn)
 J - +1 steam dragon scales (worn)
Jewellery
 b - an amulet of the acrobat
 e - a ring of protection from fire
 h - an amulet of guardian spirit
 m - a +4 ring of protection (right hand)
 q - a ring of protection from fire
 u - an amulet of regeneration (around neck)
 B - a +4 ring of slaying (left hand)
Wands
 n - a wand of iceblast (12)
 s - a wand of charming (6)
 I - a wand of flame (10)
Scrolls
 d - a scroll of identify
 j - 3 scrolls of fear
 r - 3 scrolls of fog
 x - a scroll of amnesia
 y - a scroll of brand weapon
 D - a scroll of magic mapping
 G - 4 scrolls of silence
 K - a scroll of holy word {unknown}
Potions
 f - 2 potions of curing {unknown}
 l - a potion of degeneration {unknown}
 o - a potion of berserk rage {unknown}
 p - 2 potions of cancellation {unknown}
 v - 3 potions of heal wounds {unknown}
 w - 2 potions of mutation
 z - 4 potions of haste {unknown}
 A - a potion of magic {unknown}
 C - a potion of lignification {unknown}
 F - a potion of invisibility {unknown}


   Skills:
 + Level 7.6 Fighting
 + Level 10.0 Axes
 - Level 0.7(6.2) Maces & Flails
 - Level 4.0 Throwing
 + Level 7.4 Armour
 * Level 7.1 Shields


You had 9 spell levels left.
You didn't know any spells.
Your spell library contained the following spells:

 Spells                   Type           Power      Damage    Failure   Level
 Beastly Appendage        Tmut           0%         N/A       94%         1
 Wereblood                Tmut           0%         N/A       98%         2
 Gell's Gravitas          Tloc           0%         N/A       100%        3
 Lesser Beckoning         Tloc           0%         N/A       100%        3
 Spider Form              Tmut/Pois      0%         N/A       100%        3
 Teleport Other           Tloc           0%         N/A       100%        3
 Iskenderun's Mystic Bla  Conj/Tloc      0%         2d3       100%        4
 Manifold Assault         Tloc           0%         N/A       100%        5
 Starburst                Conj/Fire      0%         6d3       100%        6
 Blink                    Tloc           Unusable   N/A       N/A         2
 Ensorcelled Hibernation  Hex/Ice        Unusable   N/A       N/A         2
 Dazzling Flash           Conj/Hex       Unusable   N/A       N/A         3

Dungeon Overview and Level Annotations

Branches:
Dungeon (10/15)            Temple (0/1) D:6           Sewer (visited)
   Lair: D:8-11         Orc: D:9-12

Altars:
Fedhas
Kikubaaqudgha
Nemelex Xobeh
Okawaru
Qazlal
Ru
Xom

Shops:
D:4 *   D:5 !*   D:7 [


Innate Abilities, Weirdness & Mutations

You cannot be hasted, slowed, berserked, paralysed or teleported.
You can dig through walls and to a lower floor.
You have a pair of large antennae on your head. (SInv)
You cannot study or cast Hexes magic.
You cannot study or cast Ice magic.
You cannot study or cast Summoning magic.
Your four strong arms can wield two-handed weapons with a shield.


Message History

K - a scroll labelled INERCH WUDIWYC You open the door.
Found a stone staircase leading up.
Okay, then.
There is an open door here.
You now have 296 gold pieces (gained 22).
There is an open door here.
You sense a monster nearby.
You sense a monster nearby.
Found an escape hatch in the ceiling.
An acid dragon comes into view.
The acid dragon roars!
An acid dragon is nearby!
The acid dragon spits acid at you. The splash of acid hits you!!
The acid corrodes you!
You completely miss the acid dragon. You block the acid dragon's attack.
The acid dragon barely misses you.
A howler monkey zombie comes into view.
You barely miss the acid dragon. The acid dragon barely misses you.
The acid dragon claws you but does no damage.
You hit the acid dragon. You freeze the acid dragon.
The acid dragon is moderately wounded.
The acid dragon spits acid at you. The splash of acid hits you!!
The acid corrodes you! The acid dragon bites you.
You block the acid dragon's attack.
You slash the acid dragon! You freeze the acid dragon.
The acid dragon is severely wounded.
You block the acid dragon's attack. x2
You hit the acid dragon. You freeze the acid dragon.
The acid dragon is almost dead.
You hit the howler monkey zombie but do no damage.
The acid dragon bites you! You block the acid dragon's attack.
The howler monkey zombie hits you.
* * * LOW HITPOINT WARNING * * *
You barely miss the acid dragon.
The acid dragon is almost dead.
You hit the howler monkey zombie but do no damage.
The acid dragon spits acid at you. The splash of acid hits you!!
You die...

...................#
#####..###..##.....#
............##.....#
...................#
#############......#
#.##...# {{#.##...#
#......# ###.@..# {
#.DZ.# #.<..# #....#
#....# #.##.# #. .#
+. .#


You could see an acid dragon (catching breath) and a howler monkey zombie.

Vanquished Creatures
  A centaur warrior (D:9)
  Pikel (D:6)
  2 steam dragons (D:9)
  An ice beast (D:7)
  A black bear (D:4)
  3 orc warriors (D:10)
  3 ogres
  2 centaurs
  A phantom (D:5)
  Blork the orc (D:6)
  4 bullfrogs
  4 scorpions
  A wyvern skeleton (D:6)
  8 killer bees (D:7)
  5 howler monkeys
  A bullfrog zombie (D:7)
  3 orc priests (D:10)
  4 hounds
  A jelly (D:6)
  2 centaur skeletons
  A gnoll shaman (D:4)
  2 iguanas
  2 orc wizards (D:10)
  2 hound skeletons
  7 gnolls
  A howler monkey skeleton (D:7)
  6 river rats (Sewer)
  18 adders
  A shadow imp (D:7)
  A white imp (D:7)
  An ufetubus (D:6)
  3 worms
  3 dart slugs
  23 orcs
  13 ball pythons
  6 bats
  4 endoplasms
  4 giant cockroaches
  8 goblins
  5 hobgoblins
  2 jackals (D:4)
  6 kobolds
  3 quokkas
  4 frilled lizards (Sewer)
  27 rats
202 creatures vanquished.

Vanquished Creatures (others)
  A howler monkey (D:10)
1 creature vanquished.

Grand Total: 203 creatures vanquished

Notes
Turn   | Place    | Note
-------+----------+-------------------------------------------
     0 | D:1      | ytrimaz the Formicid Fighter began the quest for the Orb.
     0 | D:1      | Reached XP level 1. HP: 18/18 MP: 1/1
   244 | D:1      | Reached XP level 2. HP: 22/24 MP: 2/2
   422 | D:1      | Found a faded altar of an unknown god.
   733 | D:1      | Reached XP level 3. HP: 20/29 MP: 3/3
  1468 | D:2      | Reached skill level 3 in Axes
  1600 | D:2      | Reached XP level 4. HP: 29/37 MP: 4/4
  1720 | D:2      | Found a sacrificial altar of Ru.
  1856 | D:2      | Became a worshipper of Ru the Awakened
  2244 | D:3      | Noticed a scorpion
  2253 | D:3      | Killed a scorpion
  2254 | D:3      | Reached skill level 4 in Axes
  2254 | D:3      | Reached XP level 5. HP: 22/42 MP: 5/5
  2844 | D:3      | Reached XP level 6. HP: 35/48 MP: 6/6
  3006 | D:3      | Gained mutation: You cannot study or cast Ice magic. [Ru
                  | sacrifice]
  3006 | D:3      | Gained mutation: You cannot study or cast Hexes magic. [Ru
                  | sacrifice]
  3006 | D:3      | Gained mutation: You cannot study or cast Summoning magic.
                  | [Ru sacrifice]
  3006 | D:3      | Reached * piety under Ru
  3347 | D:4      | Reached skill level 5 in Axes
  3367 | D:4      | Found Wuthro Wodwi's General Store.
  3398 | D:4      | Bought a scroll of identify for 26 gold pieces
  3398 | D:4      | Identified a scroll of acquirement
  3420 | D:4      | Acquired a +0 cloak of poison resistance
  3486 | D:4      | Found a blossoming altar of Fedhas.
  3487 | D:4      | Found a sacrificial altar of Ru.
  3488 | D:4      | Found a stormy altar of Qazlal.
  3638 | D:4      | Noticed a black bear
  3643 | D:4      | Killed a black bear
  3815 | D:4      | Reached XP level 7. HP: 46/54 MP: 7/7
  4046 | D:4      | Reached skill level 6 in Axes
  4048 | D:4      | Found an ancient bone altar of Kikubaaqudgha.
  4050 | D:4      | Found a sparkling altar of Nemelex Xobeh.
  4350 | D:5      | Entered Level 5 of the Dungeon
  4350 | D:5      | Found Toehisk's General Store.
  4353 | D:5      | Bought 6 boomerangs for 36 gold pieces
  4353 | D:5      | Bought a scroll of fear for 42 gold pieces
  4353 | D:5      | Bought a scroll of fog for 24 gold pieces
  4459 | D:5      | Reached skill level 5 in Armour
  4962 | D:5      | Reached skill level 1 in Throwing
  5102 | D:5      | Found Dukhurol's Distillery.
  5118 | D:5      | Bought a potion of mutation for 88 gold pieces
  5163 | D:5      | Reached XP level 8. HP: 61/61 MP: 8/8
  5168 | D:5      | Reached skill level 5 in Fighting
  5587 | D:6      | Found an iron altar of Okawaru.
  5591 | D:6      | Noticed Blork the orc
  5606 | D:6      | Killed Blork the orc
  5945 | D:6      | Found a staircase to the Ecumenical Temple.
  6018 | D:6      | Found a glowing drain.
  6034 | Sewer    | Entered a sewer
  6160 | Sewer    | Reached skill level 7 in Axes
  6356 | Sewer    | Reached XP level 9. HP: 54/69 MP: 7/9
  6393 | Sewer    | Acquired a +0 tower shield of cold resistance
  6867 | D:6      | Noticed Pikel
  6876 | D:6      | Killed Pikel
  6877 | D:6      | Reached skill level 8 in Axes
  7318 | D:7      | Found a shimmering altar of Xom.
  7422 | D:7      | Found Caag's Armour Shop.
  7452 | D:7      | Reached skill level 9 in Axes
  7592 | D:7      | Reached XP level 10. HP: 75/79 MP: 10/10
  7812 | D:7      | Reached skill level 5 in Shields
  7822 | D:7      | You fall into a shaft and drop 3 floors!
  7822 | D:10     | Entered Level 10 of the Dungeon
  8391 | D:9      | Noticed a centaur warrior
  8400 | D:9      | Killed a centaur warrior
  8401 | D:9      | Reached skill level 10 in Axes
  8491 | D:9      | Killed from afar by an acid dragon

Illustrated notes

Levels and vault maps discovered:
D:1:      dpeg_arrival_connections, layout_basic, basic_ecumenical_altar,
          chequers_big_river
D:2:      layout_basic, basic_altar
D:3:      layout_basic, serial_forest, infiniplex_forest_lined_3_way,
          infiniplex_forest_straight_2, infiniplex_forest_lined_2,
          infiniplex_forest_lined_corner, infiniplex_forest_pool,
          infiniplex_forest_straight_1
D:4:      black_bear_nest_2, layout_loops_ring, grunt_temple_overflow_open,
          serial_shops, shop_fountains, chequers_garden, saegor_snake_ambush
D:5:      layout_loops_cross, serial_shops, nicolae_shop_trees,
          nicolae_stop_n_shop_2
D:6:      layout_loops_corners, okawaru_ov_weapons_minmay,
          minmay_temple_entry_junction, gup_sewer_entry_bubbles, uniq_pikel,
          uniq_blork_the_orc
D:7:      layout_loops_corners, kennysheep_mini, serial_shops,
          nicolae_square_shop
D:9:      layout_stronghold, slow_altar_2, uniq_grum
D:10:     layout_basic, erik_orc_4

Skill      XL: |  1  2  3  4  5  6  7  8  9 10 |
---------------+-------------------------------+-----
Axes           | 3 4 5 6 7 9 10 | 10.0
Fighting       | 4 6 7 |  7.6
Armour         | 4 5 6 7 |  7.4
Throwing       | 1 3 4 |  4.0
Shields        | 4 7 |  7.1
Maces & Flails | |  0.7

Action                   |  1- 3 |  4- 6 |  7- 9 | 10-12 || total
-------------------------+-------+-------+-------+-------++-------
Melee: War axe           |    59 |   102 |   305 |    80 ||   546
       Great mace        |       |       |    23 |       ||    23
Invok: Sacrifice Arcana  |       |     1 |       |       ||     1
       Reject Sacrifices |       |       |     1 |       ||     1
 Abil: Dig               |       |       |     1 |     1 ||     2
  Use: Scroll            |     2 |     2 |     6 |     2 ||    12
       Potion            |       |       |     1 |     1 ||     2
Armor: Scale mail        |    28 |    73 |   180 |    24 ||   305
       Steam dragon scal |       |       |       |    14 ||    14
Dodge: Dodged            |    24 |    59 |   201 |    29 ||   313
Block: Buckler           |    16 |    29 |    71 |       ||   116
       Tower shield      |       |       |    31 |    74 ||   105

Table legend: (Time is in decaauts)
 A = Elapsed time spent in this place.
 B = Non-inter-level travel time spent in this place.
 C = Inter-level travel time spent in this place.
 D = Time resting spent in this place.
 E = Time spent auto-exploring this place.
 F = Levels seen in this place.
 G = Mean time per level.
                   A        B        C        D        E       F      G
               +--------+--------+--------+--------+--------+-----+--------+
         Total |   8734 |   8525 |    209 |    397 |   6470 |  10 |  873.4 |
       Dungeon |   8286 |   8077 |    209 |    340 |   6278 |   9 |  920.7 |
         Sewer |    448 |    448 |      0 |     57 |    192 |   1 |  448.0 |
               +--------+--------+--------+--------+--------+-----+--------+

Top non-repeatable levels by time:
     D:4: 1390 daAuts
     D:1: 1387 daAuts
     D:6: 1215 daAuts
     D:3: 1031 daAuts
     D:5: 965 daAuts
     D:2: 895 daAuts
     D:7: 711 daAuts
   Sewer: 448 daAuts
    D:10: 354 daAuts
     D:9: 333 daAuts
